Map: Acid Plant LE

Players

Infamous

  • Race: Protoss Protoss
  • League: Gold
  • Spawn Location: 11:00

rvmooney - Winner!

  • Race: Protoss Protoss
  • Spawn Location: 5:00

VOD

Have the link to the VOD?

Description

Time

  • Played on: April 12, 2018, 12:32 p.m.
  • Length: 15:31
Show
View Real Time Build Order
Export as new Build Order

Infamous Protoss 

Build Orders:  

Get SALT Encoding   

  12  0:01  Probe  
  13  0:14  Pylon  
  13  0:18  Probe (Chrono Boost)  
  14  0:29  Probe (Chrono Boost)  
  15  0:36  Gateway  
  15  0:41  Probe  
  16  0:53  Probe  
  16  0:56  Assimilator  
  17  1:09  Probe  
  18  1:16  Gateway  
  18  1:22  Probe  
  18  1:24  Cybernetics Core  
  19  1:38  Assimilator  
  19  1:40  Probe  
  19  1:45  Pylon  
  20  1:52  Probe  
  21  2:03  Pylon  
  21  2:04  Stalker (Chrono Boost)  
  21  2:06  Stalker (Chrono Boost)  
  25  2:15  Probe  
  25  2:21  Warp Gate  
  25  2:27  Probe  
  26  2:37  Stalker  
  26  2:39  Probe  
  29  2:47  Stalker  
  31  2:51  Probe  
  32  3:04  Probe  
  33  3:14  Robotics Facility  
  33  3:38  Sentry (Chrono Boost)  
  37  3:45  Nexus  
  37  3:46  Sentry (Chrono Boost)  
  37  3:48  Pylon  
  37  3:59  Probe  
  36  4:16  Assimilator  
  36  4:17  Probe  
  35  4:18  Observer (Chrono Boost)  
  36  4:24  Pylon  
  36  4:29  Probe  
  37  4:32  Immortal (Chrono Boost)  
  41  4:41  Probe  
  41  4:44  Stalker x2  
  46  4:54  Probe  
  47  5:01  Probe (Chrono Boost), Twilight Council  
  47  5:05  Shield Battery  
  49  5:09  Probe (Chrono Boost)  
  49  5:14  Probe (Chrono Boost), Sentry  
  50  5:15  Zealot  
  55  5:21  Probe (Chrono Boost)  
  54  5:29  Shield Battery  
  54  5:36  Stalker  
  54  5:39  Zealot  
  58  5:45  Probe (Chrono Boost)  
  58  5:46  Blink (Chrono Boost)  
  60  5:50  Probe (Chrono Boost)  
  60  5:55  Probe (Chrono Boost)  
  60  5:56  Forge  
  61  5:59  Probe (Chrono Boost)  
  56  6:29  Stalker x2  
  60  6:46  Pylon  
  58  6:51  Pylon  
  54  7:12  Stalker x2  
  58  7:23  Assimilator  
  58  7:25  Probe (Chrono Boost), Protoss Ground Weapons Level 1 (Chrono Boost)  
  58  7:26  Gateway  
  58  7:27  Gateway  
  58  7:29  Gateway  
  60  7:30  Probe (Chrono Boost)  
  60  7:31  Immortal  
  60  7:33  Gateway  
  64  7:38  Stalker  
  66  7:57  Nexus  
  66  7:58  Pylon  
  66  8:00  Pylon  
  52  8:27  Stalker x2  
  52  8:29  Immortal  
  60  8:35  Charge (Chrono Boost)  
  60  8:36  Probe x2  
  60  8:38  Robotics Bay  
  62  8:55  Probe x2  
  64  8:58  Shield Battery  
  64  9:03  Pylon  
  64  9:07  Probe (Chrono Boost), Photon Cannon  
  64  9:09  Photon Cannon  
  67  9:10  Probe (Chrono Boost)  
  67  9:11  Photon Cannon  
  67  9:14  Probe (Chrono Boost)  
  67  9:19  Probe (Chrono Boost)  
  67  9:21  Sentry x3  
  67  9:22  Stalker  
  67  9:23  Probe (Chrono Boost)  
  77  9:24  Zealot  
  77  9:27  Sentry  
  81  9:35  Colossus (Chrono Boost)  
  81  9:38  Extended Thermal Lance (Chrono Boost)  
  81  9:45  Protoss Ground Armor Level 1 (Chrono Boost)  
  87  9:53  Zealot x2  
  87  9:59  Probe x2  
  94  10:00  Probe  
  94  10:08  Pylon  
  94  10:10  Stalker  
  94  10:11  Probe, Stalker  
  99  10:22  Zealot  
  99  10:23  Zealot x3  
  99  10:26  Observer  
  108  10:42  Sentry  
  110  10:43  Zealot x3  
  110  10:44  Zealot x2  
  120  10:51  Probe x3  
  123  11:00  Photon Cannon  
  123  11:03  Probe x3, Photon Cannon  
  126  11:10  Immortal  
  126  11:11  Forge  
  74  11:44  Stalker x2  
  74  11:45  Stalker x4  
  74  11:46  Colossus (Chrono Boost)  
  82  12:08  Photon Cannon  
  82  12:09  Photon Cannon, Zealot x2  
  82  12:10  Zealot x4  
  82  12:11  Photon Cannon  
  82  12:14  Photon Cannon  
  94  12:20  Probe  
  94  12:21  Probe x2  
  97  12:22  Robotics Facility  
  97  12:32  Sentry x2  
  97  12:33  Probe, Stalker x3  
  97  12:36  Protoss Ground Armor Level 2 (Chrono Boost)  
  108  12:40  Protoss Shields Level 1 (Chrono Boost)  
  108  12:56  Probe  
  108  12:57  Probe x2  
  111  13:01  Observer (Chrono Boost)  
  112  13:08  Probe  
  112  13:09  Probe  
  114  13:14  Colossus (Chrono Boost)  
  114  13:16  Pylon  
  114  13:18  Stalker x2  
  114  13:19  Zealot x2  
  128  13:20  Zealot x2  
  132  13:31  Colossus (Chrono Boost)  
  81  14:10  Immortal (Chrono Boost)  
  81  14:15  Stalker x2  
  81  14:16  Zealot  
  91  14:17  Zealot x3  
  91  14:18  Immortal (Chrono Boost)  
  93  14:44  Immortal (Chrono Boost)  
  76  15:04  Zealot x2  
Show
View Real Time Build Order
Export as new Build Order

rvmooney Protoss - Winner!

Build Orders:  

Get SALT Encoding   

  12  0:02  Probe (Chrono Boost)  
  13  0:13  Probe (Chrono Boost)  
  14  0:21  Pylon, Probe  
  15  0:39  Probe  
  15  0:41  Gateway  
  16  0:51  Probe  
  17  1:03  Probe, Assimilator  
  18  1:17  Probe (Chrono Boost)  
  19  1:30  Cybernetics Core  
  19  1:33  Zealot  
  21  1:40  Probe  
  21  1:43  Assimilator  
  22  1:47  Pylon  
  22  1:52  Probe  
  22  2:03  Warp Gate (Chrono Boost)  
  22  2:04  Probe  
  23  2:09  Stalker  
  25  2:20  Gateway  
  25  2:22  Gateway  
  25  2:34  Probe  
  26  2:43  Sentry  
  28  2:47  Probe  
  26  3:07  Nexus  
  26  3:19  Pylon  
  26  3:30  Stalker  
  28  3:36  Forge  
  26  4:00  Stalker  
  26  4:01  Stalker  
  28  4:19  Probe (Chrono Boost), Photon Cannon  
  28  4:20  Probe (Chrono Boost)  
  30  4:30  Probe x2 (Chrono Boost)  
  32  4:35  Probe x2 (Chrono Boost)  
  34  4:38  Protoss Ground Armor Level 1 (Chrono Boost)  
  34  4:46  Probe  
  35  4:59  Robotics Facility  
  35  5:14  Stalker  
  37  5:15  Zealot x2  
  41  5:23  Probe x2  
  43  5:35  Pylon, Probe  
  43  5:36  Probe  
  45  5:47  Probe, Zealot x3  
  45  5:49  Probe  
  53  5:57  Twilight Council  
  53  6:00  Probe  
  53  6:01  Probe  
  53  6:03  Photon Cannon  
  51  6:17  Zealot x2  
  55  6:18  Photon Cannon, Zealot  
  55  6:19  Photon Cannon  
  55  6:23  Immortal (Chrono Boost)  
  61  6:30  Charge (Chrono Boost)  
  61  6:33  Protoss Ground Armor Level 2 (Chrono Boost)  
  59  6:59  Stalker  
  59  7:00  Stalker  
  60  7:12  Probe x2  
  58  7:22  Photon Cannon  
  58  7:24  Pylon  
  58  7:28  Stalker x2  
  62  7:42  Robotics Facility  
  62  7:48  Pylon  
  62  7:54  Pylon  
  62  7:55  Immortal  
  66  8:00  Zealot x2  
  70  8:11  Pylon  
  68  8:15  Zealot  
  66  8:27  Assimilator  
  66  8:28  Probe x2  
  66  8:30  Assimilator  
  68  8:38  Observer  
  68  8:40  Immortal, Probe x2  
  75  8:52  Probe x2  
  77  9:00  Nexus  
  77  9:04  Pylon  
  77  9:07  Pylon  
  77  9:09  Immortal (Chrono Boost), Stalker  
  79  9:10  Stalker x2  
  79  9:13  Pylon  
  79  9:15  Protoss Ground Armor Level 3  
  79  9:16  Immortal (Chrono Boost)  
  87  9:19  Blink  
  91  9:44  Photon Cannon  
  91  9:47  Photon Cannon  
  91  9:52  Photon Cannon  
  91  9:55  Photon Cannon  
  91  9:58  Stalker x2  
  91  9:59  Stalker  
  97  10:00  Photon Cannon  
  97  10:11  Gateway x2  
  97  10:14  Pylon  
  97  10:16  Gateway  
  97  10:56  Zealot  
  97  10:57  Zealot x2  
  100  10:58  Immortal x2 (Chrono Boost)  
  110  11:19  Photon Cannon  
  110  11:22  Photon Cannon  
  98  11:30  Immortal x2  
  88  12:02  Assimilator  
  88  12:06  Immortal (Chrono Boost), Assimilator  
  88  12:10  Immortal (Chrono Boost)  
  96  12:17  Pylon  
  96  12:27  Probe  
  96  12:28  Probe x2  
  98  12:38  Immortal (Chrono Boost)  
  98  12:39  Probe  
  98  12:40  Probe  
  104  12:59  Zealot  
  104  13:00  Zealot x3  
  104  13:01  Stalker x2  
  116  13:06  Immortal (Chrono Boost)  
  116  13:12  Pylon  
  120  13:15  Immortal (Chrono Boost), Protoss Ground Weapons Level 1  
  124  13:28  Pylon  
  124  13:35  Sentry  
  124  13:36  Sentry x2, Nexus  
  124  13:38  Immortal  
  124  13:39  Adept x2  
  124  13:40  Pylon, Adept  
  140  13:44  Pylon  
  122  14:14  Stalker x2  
  122  14:15  Stalker x4  
  134  14:35  Pylon  
  132  14:54  Probe x2  
  134  15:00  Stalker x3  
  134  15:01  Stalker x3  
  138  15:20  Pylon  
Tags
 
League
Gold
Matchup
PvP
Replay Pack
Last Remnant (2)
Spawn Locations
Cross Positions
Add a new tag
Caveats
  • Supply blocks, unpowered buildings, or Contaminate may cause inaccurate times.
  • Supply counts are checked every 10 seconds.